 Dungeon Crawl Stone Soup version 0.21-a0-536-gdbbf329 (webtiles) character file.

6181 tilp the Archer (level 10, 0/124 HPs)
             Began as a Centaur Hunter on Dec 14, 2017.
             Was an Elder of Okawaru.
             Succumbed to a hornet's poison
             ... on level 7 of the Dungeon on Dec 15, 2017.
             The game lasted 00:31:22 (12539 turns).

tilp the Archer (Centaur Hunter)                   Turns: 12539, Time: 00:31:23

Health: 0/124      AC: 25    Str: 14 (17) XL:     10   Next: 60%
Magic:  14/14      EV:  1    Int:  7 (10) God:    Okawaru [****..]
Gold:   483        SH: 12    Dex:  9 (11) Spells: 9/9 levels left

rFire    + . .     SeeInvis .   b - +1 whip (elec)
rCold    + . .     Gourm    .   l - +0 shield
rNeg     + + +     Faith    .   (armour currently unavailable)
rPois    +         Spirit   .   (helmet currently unavailable)
rElec    .         Reflect  +   (cloak currently unavailable)
rCorr    .         Harm     .   (gloves currently unavailable)
MR       .....     NoTele   +   (no barding)
Stlth    +++.......             M - +3 amulet of reflection
HPRegen  0.30/turn              o - ring of protection from fire
MPRegen  0.14/turn              F - ring of protection from cold

@: lethally poisoned (0 -> -2), tree-form, heroism, berserk cooldown, slowed,
very slow
A: large
a: Heroism, Renounce Religion


You were on level 7 of the Dungeon.
You worshipped Okawaru.
Okawaru was greatly pleased with you.
You were hungry.
You were a tree.
You visited 2 branches of the dungeon, and saw 9 of its levels.
You also visited: Sewer.

You collected 483 gold pieces.

Inventory:

Hand Weapons
 a - a +1 shortbow
 b - a +1 whip of electrocution (weapon)
 r - a +0 dire flail
 x - a +0 whip of venom
 G - a +4 flail
 P - a cursed -1 dagger
 S - a +3 flail
Missiles
 d - 140 arrows
 m - 26 bolts
 y - 8 tomahawks (quivered)
Armour
 l - a +0 shield (worn)
 B - a +0 chain mail
 E - a +0 cloak (melded)
 H - the +1 robe of the Gate (melded) {rC+}
   (You found it on level 6 of the Dungeon)

   It protects you from cold.
Jewellery
 o - a ring of protection from fire (left branch)
 F - a ring of protection from cold (right branch)
 M - a +3 amulet of reflection (around neck)
Wands
 L - a wand of flame (22)
Scrolls
 g - 3 scrolls of immolation
 h - a scroll of identify
 i - 2 scrolls of teleportation
 j - 3 scrolls of remove curse
 k - 3 scrolls of enchant weapon
 s - a scroll of fear
 v - a scroll of amnesia
 I - 2 scrolls of blinking {unknown}
 J - a scroll of fog {unknown}
 N - 2 scrolls of enchant armour {unknown}
 O - a scroll of magic mapping {unknown}
Potions
 c - a potion of might
 e - 4 potions of haste
 p - a potion of lignification
 t - 5 potions of flight
 u - a potion of magic {unknown}
 z - 2 potions of resistance
 A - a potion of cancellation
 C - 2 potions of degeneration
 D - a potion of brilliance {unknown}
 K - a potion of berserk rage
Books
 R - a book of Cantrips

   Spells                             Type                      Level
   a - Confusing Touch                Hexes                        1
   b - Animate Skeleton               Necromancy                   1
   c - Summon Small Mammal            Summoning                    1
   d - Apportation                    Translocation                1
Comestibles
 f - 6 bread rations
 q - 2 meat rations
 Q - 4 royal jellies


   Skills:
 - Level 6.0(11.0) Fighting
 + Level 8.3(13.3) Maces & Flails
 - Level 14.0(19.0) Bows
 - Level 1.3(6.3) Dodging
 - Level 0.4(5.4) Stealth
 - Level 6.1 Invocations


You had 9 spell levels left.
You didn't know any spells.

Dungeon Overview and Level Annotations

Branches:
Dungeon (8/15)             Temple (1/1) D:5            Lair (0/6) D:8

Altars:
Ashenzari
Cheibriados
Dithmenos
Elyvilon
Fedhas
Gozag
Hepliaklqana
Kikubaaqudgha
Makhleb
Nemelex Xobeh
Okawaru
Qazlal
Ru
Sif Muna
Trog
Uskayaw
Vehumet
Wu Jian
Xom
Yredelemnul
Zin
The Shining One

Shops:
D:6 *[*((

Annotations:
D:4 1 runed door


Innate Abilities, Weirdness & Mutations

((You have hooves in place of feet.))
((Armour fits poorly on your strangely shaped body.))
((You cover ground very quickly.))
((You have extremely tough skin. (AC +3)))


Message History

You are too berserk!
Unknown command.
You eat the fruit.
You are feeling hungry.
That mango was delicious!
You feel a strong urge to attack something.
* * * LOW HITPOINT WARNING * * *
You feel sick.
You feel your anger nearly subside.
You are no longer berserk.
You pass out from exhaustion.
You feel yourself slow down.
* * * LOW HITPOINT WARNING * * *
You feel sick.
You can move again.
It was a potion of lignification.
You turn into a tree.
Your +0 cloak melds into your body.
The +1 robe of the Gate {rC+} melds into your body.
Your roots penetrate the ground.
You die...

#.#.....[......#
#.#.#######.##.#
#.#.## #.##.#
#....######.##.######
#........[.>##.......
##...################
##(.# ##### ##†#
#.... #♣# #.### #.#
#.# #.# #.### #.#
#.#.. #.# #.#.# #.#
#.#.# #.# #.#.# #.#
#.#.# #.# #.#.#


There were no monsters in sight!

Vanquished Creatures
  A two-headed ogre (D:8)
  Joseph (D:7)
  A hornet (D:7)
  Grinder (D:5)
  A hippogriff (D:8)
  4 hogs (D:7)
  A human (D:7)
  A hungry ghost (D:6)
  4 porcupines (D:8)
  3 black bears (D:8)
  An ice beast (D:6)
  A phantom (D:6)
  2 necrophages
  3 ogres
  3 centaurs
  A big kobold (D:7)
  10 bullfrogs
  A gnoll sergeant (D:7)
  A scorpion (D:5)
  A wyvern skeleton (D:7)
  3 killer bees (D:8)
  10 wights
  A howler monkey (D:7)
  3 crimson imps
  4 orc priests
  2 hounds (D:5)
  Crazy Yiuf (D:7)
  An iguana (D:4)
  4 orc wizards
  6 worker ants
  6 gnolls
  11 adders
  5 oozes (Sewer)
  4 adder skeletons
  3 worms (Sewer)
  A dart slug (D:2)
  5 leopard geckos
  7 orcs
  2 ball pythons (Sewer)
  9 bats
  4 giant cockroaches
  5 hobgoblins
  14 jackals
  8 kobolds
  A quokka (D:4)
  7 frilled lizards
  6 goblins
  A quokka skeleton (D:5)
  4 rats
  2 rat zombies (D:6)
182 creatures vanquished.

Vanquished Creatures (others)
  44 fungi (D:8)
  17 plants (D:8)
61 creatures vanquished.

Grand Total: 243 creatures vanquished

Notes
Turn   | Place    | Note
-------+----------+-------------------------------------------
     0 | D:1      | tilp the Centaur Hunter began the quest for the Orb.
     0 | D:1      | Reached XP level 1. HP: 17/17 MP: 1/1
   159 | D:1      | Reached XP level 2. HP: 22/24 MP: 2/2
   551 | D:2      | Reached skill level 6 in Bows
   621 | D:2      | Reached XP level 3. HP: 30/30 MP: 3/3
   662 | D:2      | Found a burning altar of Makhleb.
   675 | D:2      | Reached XP level 4. HP: 20/37 MP: 4/4
  1001 | D:2      | Reached skill level 7 in Bows
  1443 | D:2      | You fall through a shaft!
  2018 | D:3      | Reached XP level 5. HP: 35/45 MP: 5/5
  2540 | D:3      | You fall through a shaft!
  2709 | D:4      | Reached skill level 8 in Bows
  2730 | D:4      | Found a glowing silver altar of Zin.
  2730 | D:4      | Noticed an angel
  2731 | D:4      | Found a runed door.
  3534 | D:4      | Reached XP level 6. HP: 21/52 MP: 6/6
  3828 | D:4      | Found a bloodstained altar of Trog.
  3907 | D:5      | Entered Level 5 of the Dungeon
  3907 | D:5      | Found a staircase to the Ecumenical Temple.
  4181 | Temple   | Entered the Ecumenical Temple
  4280 | Temple   | Became a worshipper of Warmaster Okawaru
  4353 | D:5      | Reached skill level 9 in Bows
  4542 | D:5      | Found an iron altar of Okawaru.
  4808 | D:5      | Noticed Grinder
  4828 | D:5      | Killed Grinder
  4828 | D:5      | Reached skill level 10 in Bows
  4828 | D:5      | Reached XP level 7. HP: 21/60 MP: 7/7
  5082 | D:5      | Reached * piety under Okawaru
  5082 | D:5      | Reached skill level 5 in Fighting
  5729 | D:6      | Reached skill level 11 in Bows
  5729 | D:6      | Reached XP level 8. HP: 57/69 MP: 8/8
  5734 | D:6      | Got a fabulously ornate robe
  5756 | D:6      | Found Umuta's Antique Weapon Boutique.
  5829 | D:6      | Found Zomelo's Antique Weapon Boutique.
  5897 | D:6      | Found a glowing drain.
  5910 | Sewer    | Entered a sewer
  7011 | D:6      | Found Raocw's Assorted Antiques.
  7028 | D:6      | Reached ** piety under Okawaru
  7028 | D:6      | Reached skill level 12 in Bows
  7075 | D:6      | Found Raotsin's Armour Shoppe.
  7281 | D:6      | Found Pogiv's Assorted Antiques.
  7532 | D:7      | Reached skill level 1 in Invocations
  7581 | D:7      | Reached skill level 1 in Maces & Flails
  7830 | D:7      | Found a runed door.
  7857 | D:7      | Reached skill level 13 in Bows
  8102 | D:7      | Reached XP level 9. HP: 51/75 MP: 10/10
  8429 | D:7      | Noticed Joseph
  8627 | D:7      | Killed Joseph
  8627 | D:7      | Reached *** piety under Okawaru
  9106 | D:7      | Received a gift from Okawaru
  9106 | D:7      | Reached skill level 14 in Bows
  9186 | D:6      | Identified the +1 robe of the Gate {rC+} (You found it on level 6 of the Dungeon)
  9455 | D:7      | Reached skill level 5 in Invocations
  9746 | D:7      | Noticed Crazy Yiuf
  9752 | D:7      | Killed Crazy Yiuf
 10272 | D:8      | Reached **** piety under Okawaru
 10375 | D:8      | Reached skill level 5 in Maces & Flails
 10375 | D:8      | Reached XP level 10. HP: 64/83 MP: 14/14
 10560 | D:8      | HP: 3/83 [killer bee (5)]
 10878 | D:8      | Noticed a two-headed ogre
 10883 | D:8      | Killed a two-headed ogre
 10883 | D:8      | Received a gift from Okawaru
 11154 | D:8      | Paralysed by a hornet for 1 turns
 11802 | D:8      | Reached ***** piety under Okawaru
 12500 | D:8      | Found a staircase to the Lair.
 12523 | D:7      | Paralysed by a hornet for 2 turns
 12528 | D:7      | HP: 4/83 [poisoned by a hornet]
 12533 | D:7      | HP: 2/124 [poisoned by a hornet]
 12539 | D:7      | Succumbed to a hornet's poison

Vault maps used:
D:1:      elethiomel_arrival_maze
D:2:      bloody_makhleb
D:3:      first_bread
D:4:      lightli_temple_of_fire, lemuel_angel_altar
D:5:      minmay_temple_entry_trees, basic_altar, uniq_grinder
D:6:      enter_ossuary_4, portal_sewer_entry_d, serial_shops, shop,
          nicolae_shop_waterfront, nicolae_shop_stone, shop, shop
D:7:      grunt_livestock, hangedman_decor_push, uniq_joseph,
          uniq_crazy_yiuf_cottage
D:8:      due_lair_maze_entry_diamond
Temple:   kilobyte_greek_temple
Sewer:    sewer_fruit_machine

Skill      XL: |  1  2  3  4  5  6  7  8  9 10 |
---------------+-------------------------------+-----
Bows           | 6 7 8 10 11 13 14 | 14.0
Fighting       | 3 4 5 6 |  6.0
Invocations    | 2 6 |  6.1
Maces & Flails | 1 5 8 |  8.3
Dodging        | |  1.3
Stealth        | |  0.4

Action                   |  1- 3 |  4- 6 |  7- 9 | 10-12 || total
-------------------------+-------+-------+-------+-------++-------
Melee: Short sword       |     5 |    39 |       |       ||    44
       Kick              |     2 |    32 |    89 |    33 ||   156
       Whip              |       |   112 |   388 |   158 ||   658
 Fire: Shortbow          |    58 |    42 |       |       ||   100
Throw: Tomahawk          |       |     1 |       |       ||     1
Invok: Heroism           |       |       |       |     1 ||     1
  Use: Scroll            |     1 |       |    11 |     1 ||    13
       Potion            |       |       |     3 |    10 ||    13
  Eat: Chunk             |       |     9 |     8 |     6 ||    23
       Meat ration       |       |       |     2 |       ||     2
       Fruit             |       |       |       |     2 ||     2
Armor: Leather armour    |     7 |    18 |       |       ||    25
       Chain mail        |       |    55 |   151 |       ||   206
       Robe              |       |       |    23 |    45 ||    68
Dodge: Dodged            |    10 |    51 |    45 |    46 ||   152
Block: Shield            |       |     4 |   136 |    82 ||   222
       Reflection        |       |       |       |     1 ||     1

Table legend:
 A = Spawn XP
 B = Non-spawn XP
 C = Spawn XP percentage of total XP
 D = Spawn monster count
 E = Non-spawn monster count
 F = Spawn count percentage of total count
 G = Total turns spent on level
                    A         B        C        D         E        F      G
               +---------+---------+-------+---------+---------+-------+---------
         Total |       0 |    8831 |   0.0 |       0 |     182 |   0.0 | 12539
               +---------+---------+-------+---------+---------+-------+---------
           D:1 |       0 |      22 |   0.0 |       0 |      13 |   0.0 |   542
           D:2 |       0 |     116 |   0.0 |       0 |      17 |   0.0 |  1212
           D:3 |       0 |     110 |   0.0 |       0 |      12 |   0.0 |   937
           D:4 |       0 |     167 |   0.0 |       0 |      10 |   0.0 |  1429
           D:5 |       0 |     892 |   0.0 |       0 |      15 |   0.0 |  1449
           D:6 |       0 |     829 |   0.0 |       0 |      22 |   0.0 |  1512
           D:7 |       0 |    3245 |   0.0 |       0 |      35 |   0.0 |  3028
           D:8 |       0 |    3374 |   0.0 |       0 |      34 |   0.0 |  1814
         Sewer |       0 |      76 |   0.0 |       0 |      24 |   0.0 |   476
               +---------+---------+-------+---------+---------+-------+---------
